 Dungeon Crawl Stone Soup version 0.27-a0-887-gcab673c142 (webtiles) character file.

Game seed: 117426661832637527

6599 jasper the Destroyer (level 10, -1/81 HPs)
             Began as a Demigod Conjurer on Apr 4, 2021.
             Slain by an ice beast (14 damage)
             ... summoned by Fannar
             ... on level 10 of the Dungeon.
             The game lasted 00:15:56 (10012 turns).

jasper the Destroyer (Demigod Conjurer)            Turns: 10012, Time: 00:15:56

Health: -1/81      AC: 12    Str:  8    XL:     10   Next: 44%
Magic:  22/43      EV: 14    Int: 32    God:
Gold:   314        SH:  0    Dex: 12    Spells: 1/23 levels left

rFire    . . .     SeeInvis .   l - +1 war axe (spect)
rCold    . . .     Faith    .   (no shield)
rNeg     . . .     Spirit   .   t - +0 steam dragon scales
rPois    .         Reflect  .   (no helmet)
rElec    .         Harm     .   z - +1 cloak {Stlth+}
rCorr    .         Rampage  .   h - +1 pair of gloves
Will     +....                  d - +2 pair of boots
Stlth    +++.......             (no amulet)
HPRegen  0.23/turn              n - ring of magical power
MPRegen  0.28/turn              A - ring of magical power

@: no status effects
A: high mp 1, forlorn
a: no special abilities


You were on level 10 of the Dungeon.
You visited 1 branch of the dungeon, and saw 10 of its levels.

You collected 340 gold pieces.
You spent 26 gold pieces at shops.

Inventory:

Hand Weapons
 k - a +0 hand axe
 l - a +1 spectral war axe (weapon)
Missiles
 o - 2 javelins
Armour
 a - a +0 robe
 d - a +2 pair of boots (worn)
 h - a +1 pair of gloves (worn)
 t - +0 steam dragon scales (worn)
 z - a +1 cloak of stealth (worn)
Jewellery
 n - a ring of magical power (left hand)
 p - a ring of flight
 A - a ring of magical power (right hand)
Wands
 i - a wand of polymorph (11)
 u - a wand of paralysis (22)
Scrolls
 q - 2 scrolls of summoning
 r - a scroll of brand weapon
 s - 2 scrolls of teleportation
 w - 2 scrolls of enchant armour
 y - a scroll of magic mapping
Potions
 b - 2 potions of resistance
 c - 4 potions of flight
 e - a potion of berserk rage
 f - a potion of attraction
 g - 4 potions of curing
 j - 3 potions of lignification
 m - a potion of cancellation {unknown}
 v - 3 potions of heal wounds {unknown}
 x - a potion of brilliance {unknown}


   Skills:
 + Level 5.3 Fighting
 + Level 5.7 Dodging
 - Level 1.7 Stealth
 * Level 7.2 Spellcasting
 + Level 9.6 Conjurations
 + Level 0.5 Summonings
 + Level 5.1 Air Magic


You had one spell level left.
You knew the following spells:

 Your Spells              Type           Power      Damage    Failure   Level
a - Magic Dart            Conj           100%       1d8       1%          1
b - Searing Ray           Conj           100%       3d7       1%          2
c - Fulminant Prism       Conj/Hex       21%        3d13      5%          4
d - Mephitic Cloud        Conj/Pois/Air  43%        N/A       1%          3
e - Iskenderun's Mystic   Conj/Tloc      42%        2d10      5%          4
f - Airstrike             Air            22%        N/A       4%          4
g - Summon Lightning Spi  Summ/Air       29%        N/A       12%         4

Your spell library contained the following spells:

 Spells                   Type           Power      Damage    Failure   Level
 Foxfire                  Conj/Fire      100%       2x1d9     1%          1
 Shock                    Conj/Air       100%       1d9       1%          1
 Corona                   Hex            12%        N/A       4%          1
 Dazzling Flash           Conj/Hex       84%        N/A       1%          3
 Static Discharge         Conj/Air       56%        N/A       1%          3
 Slow                     Hex            11%        N/A       6%          2
 Inner Flame              Hex/Fire       11%        N/A       12%         3
 Portal Projectile        Hex/Tloc       22%        N/A       12%         3
 Conjure Ball Lightning   Conj/Air       28%        3x3d8     30%         6
 Silence                  Hex/Air        14%        N/A       36%         5
 Cause Fear               Hex            5%         N/A       38%         4
 Leda's Liquefaction      Hex/Erth       5%         N/A       38%         4
 Freezing Cloud           Conj/Ice/Air   21%        6-21      63%         6
 Dragon Form              Tmut           5%         N/A       100%        7
 Dragon's Call            Summ           7%         N/A       100%        9


Dungeon Overview and Level Annotations

Branches:
Dungeon (10/15)              Lair (0/6) D:9             Orc (0/2) D:9
 Temple: D:4-7

Shops:
D:2 ?=:[[

Annotations:
D:4 2 runed translucent doors, Grinder; Schnaeble's ghost, amateur MiMo
D:8 Gastronok
D:10 Fannar


Innate Abilities, Weirdness & Mutations

Your attributes grow dramatically as you level up.
You have an increased reservoir of magic. (+10% MP)
You shall have no god before yourself.


Message History

Fannar barely misses you.
You now have 27/43 mp.
The searing ray hits Fannar!
Fannar is severely wounded.
Fannar says, "I shall freeze you to your soul!"
Fannar completely misses you.
You now have 26/43 mp.
The searing ray hits Fannar!
Fannar is severely wounded.
Fannar hits you but does no damage. Fannar freezes you!
You take 14 damage, and have 32/81 hp.
You now have 25/43 mp.
The searing ray hits Fannar.
Fannar is almost dead.
You finish channeling your searing ray.
Fannar points at you and mumbles some strange words.
The bolt of cold misses you.
Casting: Searing Ray (safe; 1% risk of failure)
Confirm with . or Enter, or press ? or * to list all spells.
Aiming: Searing Ray (safe; 1% risk of failure)
Press: ? - help, Shift-Dir - straight line, f/p - Fannar
Aim: Fannar, wielding a staff of cold and wearing a +1 robe of cold resistance (almost dead, covered in an icy film, 28% to evade)
The searing ray hits Fannar!
Fannar is almost dead. (Press . to maintain the ray.) Fannar hits you with a staff of cold.
Fannar freezes you!
* * * LOW HITPOINT WARNING * * *
You take 17 damage, and have 15/81 hp.
MASSIVE DAMAGE!!
You now have 23/43 mp.
The searing ray hits Fannar but does no damage.
Fannar is almost dead.
Fannar gestures wildly while chanting.
You now have 22/43 mp.
The searing ray hits Fannar but does no damage.
Fannar is almost dead.
Fannar glares icily.
Fannar hits you but does no damage. Fannar freezes you.
* * * LOW HITPOINT WARNING * * *
The ice beast hits you.
* * * LOW HITPOINT WARNING * * *
The ice beast freezes you!
You die...

..# ..## ...# ...#
...####... #.......
#....# #######
#..### #.....#
##....####...##.#
#.......Y.e.## ..#
. ##...##...@.##
#..#
..#####...######..#
.... ....#.....#
##..# .....
....<.###..# ##..#
$.... .....## ##..#
..# ..... ....##
#.# #... .... #..
... .... ... ....
.... ##


You could see Fannar (icy armour) and an ice beast (summoned).

Vanquished Creatures
  A two-headed ogre (D:9)
  A cyclops (D:9)
  Maurice (D:8)
  Eustachio (D:6)
  4 yaks (D:8)
  A basilisk (D:8)
  4 steam dragons
  2 water moccasins (D:6)
  2 ice beasts (D:8)
  5 orc warriors
  A sky beast (D:6)
  2 hornet zombies
  An ogre (D:4)
  A necrophage (D:7)
  2 centaurs
  A phantom (D:5)
  A kobold brigand (D:7)
  4 bullfrogs
  3 scorpions
  A water moccasin zombie (D:6)
  8 killer bees
  13 wights
  3 howler monkeys (D:9)
  A centaur zombie (D:9)
  4 hounds
  2 jellies
  A centaur skeleton (D:6)
  2 orc priests (D:7)
  A bullfrog skeleton (D:5)
  3 iguanas
  A scorpion zombie (D:5)
  7 orc wizards
  7 gnolls
  5 adders
  2 white imps
  An adder skeleton (D:4)
  2 dart slugs
  31 orcs
  9 ball pythons
  4 bats
  7 endoplasms
  3 giant cockroaches
  8 goblins
  3 hobgoblins
  8 jackals
  5 quokkas
  4 frilled lizards
  11 kobolds
  5 rats
200 creatures vanquished.

Vanquished Creatures (others)
  20 fulminant prisms
  2 fungi (D:9)
  5 plants (D:9)
27 creatures vanquished.

Grand Total: 227 creatures vanquished

Notes
Turn   | Place    | Note
-------+----------+-------------------------------------------
     0 | D:1      | jasper the Demigod Conjurer began the quest for the Orb.
     0 | D:1      | Reached XP level 1. HP: 14/14 MP: 5/5
   135 | D:1      | Reached skill level 4 in Conjurations
   580 | D:1      | Reached XP level 2. HP: 20/20 MP: 2/7
  1211 | D:2      | Found Woifupin's Book Shop.
  1229 | D:2      | Found Amujenet's Antique Armour Boutique.
  1427 | D:2      | Reached XP level 3. HP: 26/26 MP: 6/8
  1430 | D:2      | Learned a level 2 spell: Searing Ray
  1648 | D:2      | Found Qem Fiph's Magic Scroll Shoppe.
  1651 | D:2      | Bought a scroll of identify for 26 gold pieces
  1703 | D:2      | Found Hec Zaem's Jewellery Emporium.
  1758 | D:2      | Found Jitihoi's Armour Shoppe.
  2184 | D:3      | Reached skill level 5 in Conjurations
  2516 | D:3      | Reached XP level 4. HP: 33/33 MP: 4/9
  3929 | D:4      | Noticed an ogre
  3933 | D:4      | Killed an ogre
  3934 | D:4      | Reached skill level 6 in Conjurations
  3934 | D:4      | Reached XP level 5. HP: 38/38 MP: 10/10
  3939 | D:4      | Learned a level 4 spell: Fulminant Prism
  4177 | D:4      | Reached skill level 7 in Conjurations
  4177 | D:4      | Reached XP level 6. HP: 45/45 MP: 11/11
  4262 | D:4      | Found a large runed translucent door.
  4262 | D:4      | Found a large runed translucent door.
  4263 | D:4      | Noticed Schnaeble's ghost (amateur MiMo)
  4557 | D:4      | Noticed Grinder
  4589 | D:5      | Entered Level 5 of the Dungeon
  4866 | D:5      | Identified a scroll of acquirement
  4866 | D:5      | Acquired the Handbook of Air
  5075 | D:5      | Reached skill level 8 in Conjurations
  5081 | D:5      | Reached XP level 7. HP: 50/51 MP: 6/13
  5085 | D:5      | Learned a level 3 spell: Mephitic Cloud
  5395 | D:5      | Reached skill level 1 in Fighting
  5846 | D:6      | Noticed Eustachio
  5851 | D:6      | Killed Eustachio
  5852 | D:6      | Reached skill level 1 in Air Magic
  6101 | D:6      | Reached XP level 8. HP: 61/61 MP: 16/16
  6406 | D:6      | Learned a level 4 spell: Iskenderun's Mystic Blast
  7383 | D:7      | Reached skill level 5 in Spellcasting
  7383 | D:7      | Reached XP level 9. HP: 70/70 MP: 17/20
  8091 | D:8      | Reached skill level 9 in Conjurations
  8240 | D:8      | Learned a level 4 spell: Airstrike
  8420 | D:8      | Noticed Maurice
  8433 | D:8      | Killed Maurice
  8540 | D:8      | Reached skill level 5 in Dodging
  8669 | D:8      | Reached XP level 10. HP: 75/80 MP: 23/23
  8704 | D:8      | Noticed Gastronok
  9263 | D:9      | Noticed a two-headed ogre
  9270 | D:9      | Killed a two-headed ogre
  9271 | D:9      | Reached skill level 5 in Fighting
  9344 | D:9      | Noticed a cyclops
  9357 | D:9      | Killed a cyclops
  9358 | D:9      | Reached skill level 5 in Air Magic
  9377 | D:9      | Learned a level 4 spell: Summon Lightning Spire
  9491 | D:9      | Found a staircase to the Orcish Mines.
  9915 | D:9      | Found a staircase to the Lair.
  9964 | D:10     | Entered Level 10 of the Dungeon
  9987 | D:10     | Noticed Fannar
 10012 | D:10     | Slain by an ice beast

Illustrated notes

Levels and vault maps discovered:
D:1:      dpeg_arrival_shrine, layout_rooms, ebering_ecumenical_altar_mist,
          nrook_uturn, grunt_decor_resistance, minmay_misc_feat_ornament
D:2:      layout_loops_ring, serial_shops, shop, shop,
          nicolae_shop_behind_doors, nicolae_shop_statue_plus,
          nicolae_shop_statue_plus
D:3:      layout_basic, grunt_temple_overflow_gold_and_silver
D:4:      layout_rooms, minmay_temple_entry_crystal_x,
          ebering_ghost_disaster_area, kennysheep_small_circle, uniq_grinder
D:5:      layout_gridville, marbit_many_paths
D:6:      wander_river, layout_basic, uniq_eustachio
D:7:      layout_cave_pools, lemuel_crystal_altar, kb_lookout_dungeons_type,
          grunt_ministairs_5
D:8:      wad_arrow_thing, layout_basic, lemuel_crystal_altar, uniq_maurice,
          uniq_grum, uniq_gastronok
D:9:      layout_long_grid, grunt_temple_overflow_forces_of_nature,
          lemuel_doored_altar, lair_entry_dummy, orc_0_dummy
D:10:     layout_layer_cave, nicolae_tso_swordbearing_angel,
          nicolae_overflow_hidden_temple, serial_shops, shop,
          gammafunk_ghost_arena, uniq_fannar, uniq_maggie

Skill      XL: |  1  2  3  4  5  6  7  8  9 10 |
---------------+-------------------------------+-----
Conjurations   | 4 5 6 7 8 9 |  9.6
Dodging        | 2 4 5 |  5.7
Spellcasting   | 2 3 5 6 7 |  7.2
Fighting       | 2 3 4 5 |  5.3
Air Magic      | 1 3 4 5 |  5.1
Stealth        | |  1.7
Summonings     | |  0.5

Action                   |  1- 3 |  4- 6 |  7- 9 | 10-12 || total
-------------------------+-------+-------+-------+-------++-------
Melee: Unarmed           |    10 |       |       |       ||    10
       War axe           |       |     9 |    14 |     7 ||    30
 Cast: Magic Dart        |    98 |    77 |   107 |    22 ||   304
       Searing Ray       |     3 |    16 |    35 |    12 ||    66
       Fulminant Prism   |       |     1 |     6 |    13 ||    20
       Mephitic Cloud    |       |       |     1 |       ||     1
  Use: Scroll            |       |    11 |     8 |     1 ||    20
Armor: Robe              |       |    10 |    11 |       ||    21
       Steam dragon scal |       |       |    17 |    16 ||    33
Dodge: Dodged            |     5 |    26 |    35 |    26 ||    92

Table legend: (Time is in decaauts)
 A = Elapsed time spent in this place.
 B = Non-inter-level travel time spent in this place.
 C = Inter-level travel time spent in this place.
 D = Time resting spent in this place.
 E = Time spent auto-exploring this place.
 F = Levels seen in this place.
 G = Mean time per level.
                   A        B        C        D        E       F      G
               +--------+--------+--------+--------+--------+-----+--------+
         Total |  10043 |   9832 |    211 |   1509 |   7189 |  10 | 1004.3 |
       Dungeon |  10043 |   9832 |    211 |   1509 |   7189 |  10 | 1004.3 |
               +--------+--------+--------+--------+--------+-----+--------+

Top non-repeatable levels by time:
     D:3: 2013 daAuts
     D:5: 1238 daAuts
     D:9: 1185 daAuts
     D:7: 1183 daAuts
     D:1: 1046 daAuts
     D:6: 994 daAuts
     D:2: 871 daAuts
     D:8: 802 daAuts
     D:4: 659 daAuts
    D:10: 47 daAuts
